 Dungeon Crawl Stone Soup version 0.31-a0-1059-g83d41fd8b6 (webtiles) character file.

Game seed: 5714437666858690057

169 Gynju the Shooter (level 5, -4/31 HPs)
             Began as a Deep Elf Hunter on Nov 21, 2023.
             Slain by a water moccasin (5 damage)
             ... on level 4 of the Dungeon.
             The game lasted 00:05:39 (2654 turns).

Gynju the Shooter (Deep Elf Hunter)                 Turns: 2654, Time: 00:05:39

Health: -4/31      AC:  5    Str:  8    XL:     5   Next: 25%
Magic:  8/8        EV: 13    Int: 14    God:
Gold:   92         SH:  0    Dex: 20    Spells: 3/6 levels left

rFire   . . .        a - +0 shortbow
rCold   . . .        (shield currently unavailable)
rNeg    . . .        c - +0 leather armour
rPois   .            n - +0 helmet
rElec   .            (no cloak)
rCorr   .            (no gloves)
SInv    .            y - +0 pair of boots
Will    .....        (no amulet)
Stlth   ++           (no ring)
HPRegen 0.25/turn    (no ring)
MPRegen 0.11/turn

%: no passive effects
@: lethally poisoned (-4 -> -5)
A: no striking features
a: no special abilities


You were on level 4 of the Dungeon.
You visited 1 branch of the dungeon, and saw 4 of its levels.

You collected 92 gold pieces.

Inventory:

Hand Weapons
 a - a +0 shortbow (weapon)
 j - a +0 dagger of protection
 m - a +2 vampiric spear
Armour
 c - a +0 leather armour (worn)
 n - a +0 helmet (worn)
 y - a +0 pair of boots (worn)
Jewellery
 f - a +5 ring of evasion
 s - a ring of protection from fire
Talismans
 p - a flux talisman
 r - a maw talisman
Wands
 w - a wand of paralysis (13)
Scrolls
 b - a scroll of butterflies
 i - 2 scrolls of blinking {unknown}
 k - 2 scrolls of teleportation {unknown}
 l - a scroll of vulnerability {unknown}
 t - 2 scrolls of identify {unknown}
 x - a scroll of amnesia {unknown}
 z - a scroll of fog {unknown}
Potions
 d - 3 potions of attraction {unknown}
 e - a potion of cancellation {unknown}
 g - a potion of curing {unknown}
 h - a potion of mutation {unknown}
 o - a potion of haste {unknown}
 q - a potion of ambrosia {unknown}
 u - a potion of brilliance {unknown}
 v - a potion of heal wounds {unknown}


   Skills:
 - Level 2.4 Fighting
 * Level 7.1 Ranged Weapons
 - Level 3.7 Dodging
 - Level 1.2 Stealth
 + Level 1.0 Spellcasting
 + Level 0.0 Hexes
 - Level 0.7 Shapeshifting


You had 3 spell levels left.
You knew the following spells:

 Your Spells              Type           Power      Damage    Failure   Level
a - Sigil of Binding      Hex            0%         N/A       75%         3

Your spell library contained the following spells:

 Spells                   Type           Power      Damage    Failure   Level
 Necrotise                Necr           0%         1d4       36%         1
 Slow                     Hex            0%         N/A       36%         1
 Confusing Touch          Hex            0%         N/A       75%         3
 Vampiric Draining        Necr           0%         2d6       75%         3
 Agony                    Necr           0%         N/A       100%        5


Dungeon Overview and Level Annotations

Branches:
Dungeon (4/15)
 Temple: D:4-7

Altars:
Dithmenos


Message History

The water moccasin bites you.
You shoot an arrow. The arrow misses the water moccasin.
The water moccasin bites you.
You are poisoned.
The water moccasin poisons you! The water moccasin barely misses you.
You shoot an arrow. The arrow hits the water moccasin.
The water moccasin is moderately wounded.
You feel very sick. The water moccasin misses you.
The water moccasin closely misses you.
You are too injured to fight recklessly!
You are too injured to fight recklessly!
You are too injured to fight recklessly!
You are too injured to fight recklessly!
You shoot an arrow. The arrow hits the water moccasin.
The water moccasin is heavily wounded.
You feel sick. The water moccasin bites you.
You shoot an arrow.
The arrow barely misses the water moccasin.
You feel sick.
The water moccasin bites you but does no damage.
You shoot an arrow.
The arrow closely misses the water moccasin.
You feel sick. The water moccasin bites you. The water moccasin bites you!
* * * LOW HITPOINT WARNING * * *
You shoot an arrow.
The arrow closely misses the water moccasin.
You feel sick. The water moccasin closely misses you.
You shoot an arrow. The arrow hits the water moccasin.
The water moccasin is severely wounded.
You feel sick. The water moccasin barely misses you.
The water moccasin misses you.
You shoot an arrow. The arrow hits the water moccasin!
The water moccasin is almost dead.
You feel sick. The water moccasin barely misses you.
You shoot an arrow.
The arrow completely misses the water moccasin.
You feel sick. The water moccasin bites you.
* * * LOW HITPOINT WARNING * * *
The water moccasin bites you.
You die...

)..........#
###....###[##.
...........#
#....# #.
...........#
#....# #.
...........#
#.....# #.
...........#
#.....# #.
...........#
..###.# #.
...........# .#
..
........<.##...#
..
.........@...#
.........S.###
........>....
...........##..
####
............ ...
....
..........## .|
.... .........#
. ....
.......... ....
....


You could see a water moccasin.

Vanquished Creatures
  Robin (D:2)
  6 adders
  A worm (D:3)
  2 dart slugs
  4 orcs
  3 bats
  8 endoplasms
  3 giant cockroaches (D:1)
  16 goblins
  12 hobgoblins
  2 jackals (D:2)
  10 kobolds
  3 quokkas
  3 ball pythons (D:1)
  6 frilled lizards
  8 rats
88 creatures vanquished.

Notes
Turn   | Place    | Note
-------+----------+-------------------------------------------
     0 | D:1      | Gynju the Deep Elf Hunter began the quest for the Orb.
     0 | D:1      | Reached XP level 1. HP: 12/12 MP: 3/3
   111 | D:1      | Found a faded altar of an unknown god.
   119 | D:1      | Reached XP level 2. HP: 17/17 MP: 4/4
   368 | D:1      | Reached skill level 6 in Ranged Weapons
   510 | D:1      | Reached XP level 3. HP: 21/21 MP: 5/5
  1308 | D:2      | Noticed Robin
  1399 | D:2      | Killed Robin
  1400 | D:2      | Reached XP level 4. HP: 24/26 MP: 6/6
  2070 | D:3      | Found a shadowy altar of Dithmenos.
  2117 | D:3      | Reached skill level 7 in Ranged Weapons
  2333 | D:4      | Reached XP level 5. HP: 31/31 MP: 7/7
  2567 | D:4      | Learned a level 3 spell: Sigil of Binding
  2609 | D:4      | Reached skill level 1 in Spellcasting
  2640 | D:4      | Noticed a water moccasin
  2654 | D:4      | HP: 1/31 [water moccasin (3)]
  2654 | D:4      | Slain by a water moccasin

Illustrated notes

Levels and vault maps discovered:
D:1:      dpeg_arrival_shelter, layout_basic, shapermc_ecumenical_altar_venn,
          grunt_decor_clamped, nrook_mini_vaults, chequers_serial_rivers_room_b,
          minmay_crystal_room, roderic_lattice_a
D:2:      layout_basic, st_stairs_3, uniq_robin
D:3:      layout_rooms, nicolae_dithmenos_through_a_glass_darkly
D:4:      layout_basic

Skill      XL: |  1  2  3  4  5 |
---------------+----------------+-----
Ranged Weapons | 6 7 |  7.1
Fighting       | 2 |  2.4
Dodging        | 3 |  3.7
Spellcasting   | 1 |  1.0
Stealth        | |  1.2
Shapeshifting  | |  0.7

Action                     |  1- 3 |  4- 6 || total
---------------------------+-------+-------++-------
  Melee: Spear             |       |     3 ||     3
   Fire: Shortbow          |   123 |   113 ||   236
 Armour: Leather armour    |    17 |    19 ||    36
  Dodge: Dodged            |    19 |    24 ||    43

Table legend: (Time is in decaauts)
 A = Elapsed time spent in this place.
 B = Non-inter-level travel time spent in this place.
 C = Inter-level travel time spent in this place.
 D = Time resting spent in this place.
 E = Time spent auto-exploring this place.
 F = Levels seen in this place.
 G = Mean time per level.
                   A        B        C        D        E       F      G
               +--------+--------+--------+--------+--------+-----+--------+
         Total |   2689 |   2588 |    101 |     15 |   2072 |   4 |  672.2 |
       Dungeon |   2689 |   2588 |    101 |     15 |   2072 |   4 |  672.2 |
               +--------+--------+--------+--------+--------+-----+--------+

Top non-repeatable levels by time:
     D:1: 1028 daAuts
     D:2: 807 daAuts
     D:3: 475 daAuts
     D:4: 377 daAuts
